 Dungeon Crawl Stone Soup version 0.21-a0-110-g8e1637b (webtiles) character file.

983 Kidiri the Thaumaturge (level 7, -2/36 HPs)
             Began as a Deep Elf Fire Elementalist on July 10, 2017.
             Was an Initiate of Vehumet.
             Slain by an orc warrior
             ... wielding a +0 short sword
              (20 damage)
             ... on level 6 of the Dungeon.
             The game lasted 00:17:33 (6952 turns).

Kidiri the Thaumaturge (Deep Elf Fire Elementalist) Turns: 6952, Time: 00:17:34

Health: -2/36      AC:  5    Str:  5    XL:     7   Next: 96%
Magic:  13/21      EV: 13    Int: 22    God:    Vehumet [......]
Gold:   262        SH:  0    Dex: 15    Spells: 3/24 levels left

rFire    . . .     SeeInvis .   e - +1 short sword (venom)
rCold    . . .     Gourm    .   (no shield)
rNeg     . . .     Faith    .   a - +1 robe
rPois    .         Spirit   .   (no helmet)
rElec    .         Reflect  .   (no cloak)
rCorr    .         Harm     .   i - +1 pair of gloves
MR       .....                  (no boots)
Stlth    ++........             (no amulet)
HPRegen  0.12/turn              (no ring)
MPRegen  0.17/turn              (no ring)

@: no status effects
A: no striking features
a: Renounce Religion


You were on level 6 of the Dungeon.
You worshipped Vehumet.
Vehumet was noncommittal.
You were not hungry.

You visited 2 branches of the dungeon, and saw 7 of its levels.
You also visited: Sewer.

You collected 262 gold pieces.

Inventory:

Hand Weapons
 e - a +1 short sword of venom (weapon)
 z - a +0 dagger of electrocution
Armour
 a - a +1 robe (worn)
 i - a +1 pair of gloves (worn)
Wands
 w - a wand of enslavement (16/24)
 A - a wand of digging (11/24)
Scrolls
 f - 6 scrolls of fog
 h - 4 scrolls of teleportation
 s - 4 scrolls of remove curse
 v - 2 scrolls of recharging
 x - a scroll of immolation
Potions
 d - a potion of lignification
 g - a potion of cancellation
 j - 2 potions of heal wounds {unknown}
 k - a potion of magic
 l - 6 potions of haste {unknown}
 m - a potion of invisibility {unknown}
 p - a potion of degeneration {unknown}
 q - 3 potions of curing {unknown}
 r - a potion of might {unknown}
 u - a potion of brilliance {unknown}
Books
 b - a book of Flames

   Spells                             Type                      Level
   a - Flame Tongue                   Conjuration/Fire             1
   b - Throw Flame                    Conjuration/Fire             2
   c - Conjure Flame                  Conjuration/Fire             3
   d - Inner Flame                    Hexes/Fire                   3
   e - Sticky Flame                   Conjuration/Fire             4
   f - Fireball                       Conjuration/Fire             5
 o - a book of Necromancy

   Spells                             Type                      Level
   a - Pain                           Necromancy                   1
   b - Animate Skeleton               Necromancy                   1
   c - Vampiric Draining              Necromancy                   3
   d - Regeneration                   Charms/Necromancy            3
   e - Animate Dead                   Necromancy                   4
   f - Control Undead                 Necromancy                   4
 y - a book of Minor Magic

   Spells                             Type                      Level
   a - Magic Dart                     Conjuration                  1
   b - Blink                          Translocation                2
   c - Call Imp                       Summoning                    2
   d - Slow                           Hexes                        2
   e - Conjure Flame                  Conjuration/Fire             3
   f - Mephitic Cloud                 Conjuration/Poison/Air       3
Comestibles
 c - 2 bread rations
 n - 3 meat rations
 t - 6 chunks of flesh


   Skills:
 + Level 0.0 Fighting
 + Level 0.8 Short Blades
 + Level 0.1 Armour
 + Level 3.0 Dodging
 - Level 2.4 Stealth
 * Level 9.1 Spellcasting
 + Level 4.4 Conjurations
 + Level 5.7 Fire Magic
 + Level 0.4 Air Magic
 + Level 0.7 Poison Magic


You had 3 spell levels left.
You knew the following spells:

 Your Spells              Type           Power        Failure   Level  Hunger
a - Flame Tongue          Conj/Fire      ####.        1%          1    None
b - Throw Flame           Conj/Fire      ####..       1%          2    None
c - Conjure Flame         Conj/Fire      ####....     2%          3    None
d - Inner Flame           Hex/Fire       ###.....     6%          3    None
e - Sticky Flame          Conj/Fire      ####....     9%          4    ##.....
f - Fireball              Conj/Fire      ####......   22%         5    ####...
g - Mephitic Cloud        Conj/Pois/Air  ###.....     10%         3    None


Dungeon Overview and Level Annotations

Branches:
Dungeon (6/15)             Temple (1/1) D:4

Altars:
Cheibriados
Dithmenos
Elyvilon
Fedhas
Gozag
Hepliaklqana
Kikubaaqudgha
Nemelex Xobeh
Okawaru
Qazlal
Sif Muna
Trog
Uskayaw
Vehumet
Wu Jian
Xom
Yredelemnul
Zin
The Shining One


Message History

Your magical contamination has completely faded away.
An orc warrior comes into view. It is wielding a short sword.
The orc warrior moves out of view.
An orc wizard comes into view. It is wielding a dagger.
The orc warrior hits you with a short sword!
You hit the orc warrior but do no damage.
The orc warrior is poisoned.
The orc warrior hits you with a short sword.
The orc wizard looks satisfied for a moment.
Casting: Flame Tongue
Confirm with . or Enter, or press ? or * to list all spells.
Aiming: Sticky Flame
Press: ? - help, Shift-Dir - straight line, f - orc warrior
Aim: an orc warrior, wielding a short sword and wearing a plate armour (poisoned)
The sticky flame hits the orc warrior.
The orc warrior appears unharmed.
The orc warrior is covered in liquid flames!
The orc warrior burns!
The orc warrior hits you with a short sword!!
Ouch! That really hurt!
You die...

..##..#..........##.#
#.##.[#.##.##.##.##.#
#.##....##.##...%...#
#.###.#.##.#####.#####
#..........# #.).....#
###........# #.#.###.#
# #.......## #.#..# #
#.......# ##.##.##.# #
#.......# #..o@....# #
#.......# #........# #
####.#### #.##o.#.## #
#.......# #. #.##.#
#.##.##.# #.# .#
#.##.# # ... #
###.##.>#. ...
.<......... ..#
###.##.##.#


You could see an orc warrior (burning) and an orc wizard.

Vanquished Creatures
  The ghost of Gorglomux the Chopper, an amateur HOCK of Xom (Sewer)
  An ogre (D:5)
  A centaur (D:4)
  2 bullfrogs (Sewer)
  2 scorpions (D:6)
  A bullfrog zombie (D:5)
  2 hounds
  An orc wizard (D:6)
  A bullfrog skeleton (D:4)
  A worker ant (D:4)
  13 adders
  3 gnolls (D:3)
  4 river rats (Sewer)
  A shadow imp (D:5)
  2 oozes (D:3)
  3 worms
  4 leopard geckos
  7 orcs
  17 ball pythons
  2 giant cockroaches
  10 goblins
  9 hobgoblins
  7 jackals
  A kobold (D:1)
  A quokka (D:5)
  11 bats
  6 frilled lizards
  A quokka skeleton (D:4)
  A quokka zombie (D:5)
  28 rats
144 creatures vanquished.

Notes
Turn   | Place    | Note
-------+----------+-------------------------------------------
     0 | D:1      | Kidiri the Deep Elf Fire Elementalist began the quest for the Orb.
     0 | D:1      | Reached XP level 1. HP: 10/10 MP: 6/6
   259 | D:1      | Reached XP level 2. HP: 13/15 MP: 6/8
   386 | D:1      | Learned a level 2 spell: Throw Flame
   467 | D:1      | Reached skill level 4 in Spellcasting
   800 | D:1      | Reached XP level 3. HP: 15/19 MP: 4/10
   805 | D:1      | Learned a level 3 spell: Conjure Flame
   809 | D:1      | Learned a level 3 spell: Inner Flame
  1735 | D:2      | Reached skill level 5 in Spellcasting
  1735 | D:2      | Reached XP level 4. HP: 22/24 MP: 11/13
  1741 | D:2      | Learned a level 4 spell: Sticky Flame
  1996 | D:2      | Found a deep blue altar of Sif Muna.
  1996 | D:2      | Found an opulent altar of Gozag.
  2355 | D:3      | Found a glowing drain.
  2386 | Sewer    | Entered a sewer
  2786 | Sewer    | Reached XP level 5. HP: 28/28 MP: 8/15
  3119 | Sewer    | Reached skill level 6 in Spellcasting
  3167 | Sewer    | Noticed Gorglomux's ghost (amateur HOCK)
  3172 | Sewer    | Killed Gorglomux's ghost
  3172 | Sewer    | Reached XP level 6. HP: 32/32 MP: 9/17
  3301 | Sewer    | Learned a level 5 spell: Fireball
  3344 | Sewer    | Reached skill level 7 in Spellcasting
  3355 | Sewer    | Reached skill level 5 in Fire Magic
  4420 | D:4      | Reached XP level 7. HP: 23/36 MP: 20/20
  4696 | D:4      | Found a staircase to the Ecumenical Temple.
  4706 | Temple   | Entered the Ecumenical Temple
  4844 | Temple   | Became a worshipper of Vehumet
  5135 | D:4      | Reached skill level 8 in Spellcasting
  5915 | D:5      | Entered Level 5 of the Dungeon
  6290 | D:5      | Learned a level 3 spell: Mephitic Cloud
  6461 | D:5      | Reached skill level 9 in Spellcasting
  6584 | D:5      | Found a glowing golden altar of the Shining One.
  6952 | D:6      | Slain by an orc warrior

Vault maps used:
D:1:      scummos_arrival_simple_crosswalls, feat_on_display
D:2:      gammafunk_temple_overflow_wave
D:3:      cheibrodos_sewer_entry_sluice
D:4:      minmay_temple_entry_overgrown, first_bread
D:5:      basic_altar, hangedman_decor_riveting
D:6:      nicolae_overflow_crystal_walls, uniq_duvessa
Temple:   minmay_crystal_spiral_temple
Sewer:    sewer_minmay_w

Skill      XL: |  1  2  3  4  5  6  7 |
---------------+----------------------+-----
Spellcasting   | 4 5 6 7 9 |  9.1
Conjurations   | 2 3 4 |  4.4
Fire Magic     | 4 5 |  5.7
Dodging        | 3 |  3.0
Short Blades   | |  0.8
Armour         | |  0.1
Stealth        | |  2.4
Air Magic      | |  0.4
Poison Magic   | |  0.7

Action                   |  1- 3 |  4- 6 |  7- 9 || total
-------------------------+-------+-------+-------++-------
Melee: Dagger            |     2 |       |       ||     2
       Short sword       |    35 |    47 |    53 ||   135
 Cast: Flame Tongue      |    39 |    45 |    12 ||    96
       Throw Flame       |     8 |    39 |     4 ||    51
       Conjure Flame     |       |     1 |       ||     1
       Sticky Flame      |       |       |    12 ||    12
  Use: Scroll            |     6 |     6 |     1 ||    13
 Stab: Sleeping          |     2 |     2 |     2 ||     6
  Eat: Chunk             |     2 |     8 |     3 ||    13
       Fruit             |       |     2 |     4 ||     6
       Royal jelly       |       |     1 |       ||     1
Armor: Robe              |     9 |    16 |     9 ||    34
Dodge: Dodged            |    35 |    39 |    45 ||   119
